 Dungeon Crawl Stone Soup version 0.25-a0-317-g5f8687bca5 (webtiles) character file.

Game seed: 10317820740182731522, levelgen mode: deterministic

140 Error4North the Shield-Bearer (level 5, -6/46 HPs)
             Began as a Hill Orc Fighter on Dec 26, 2019.
             Mangled by Sigmund
             ... wielding a +0 scythe
              (13 damage)
             ... on level 2 of the Dungeon.
             The game lasted 00:07:13 (1763 turns).

Error4North the Shield-Bearer (Hill Orc Fighter)    Turns: 1763, Time: 00:07:14

Health: -6/46      AC:  7    Str: 25    XL:     5   Next: 22%
Magic:  6/6        EV:  7    Int: 14    God:
Gold:   126        SH: 10    Dex: 10    Spells: 6/6 levels left

rFire    . . .     SeeInvis .   a - +0 war axe
rCold    . . .     Gourm    .   c - +0 shield
rNeg     . . .     Faith    .   b - +0 scale mail
rPois    .         Spirit   .   (no helmet)
rElec    .         Reflect  .   (no cloak)
rCorr    .         Harm     .   (no gloves)
MR       .....                  (no boots)
Stlth    ..........             (no amulet)
HPRegen  0.15/turn              p - +6 ring of intelligence
MPRegen  0.10/turn              (no ring)

@: mighty
A: no striking features
a: no special abilities


You were on level 2 of the Dungeon.
You were not hungry.

You visited 1 branch of the dungeon, and saw 2 of its levels.

You collected 126 gold pieces.

Inventory:

Hand Weapons
 a - a +0 war axe (weapon)
 m - a +0 hunting sling
Missiles
 i - 8 stones (quivered)
Armour
 b - a +0 scale mail (worn)
 c - a +0 shield (worn)
Jewellery
 p - a +6 ring of intelligence (left hand)
Scrolls
 e - a scroll of identify
 h - a scroll of remove curse
 j - 2 scrolls of fear {unknown}
 r - a scroll of random uselessness {unknown}
Potions
 o - a potion of lignification {unknown}
 q - a potion of curing {unknown}
Comestibles
 f - 2 rations
 g - 3 chunks of flesh


   Skills:
 + Level 4.1 Fighting
 + Level 4.2 Axes
 * Level 3.7 Armour
 + Level 0.1 Dodging
 * Level 4.4 Shields
 * Level 1.1 Spellcasting


You had 6 spell levels left.
You didn't know any spells.
Your spell library was empty.

Dungeon Overview and Level Annotations

Branches:
Dungeon (2/15)

Altars:
Dithmenos
Hepliaklqana
Kikubaaqudgha
Ru

Annotations:
D:2 Sigmund, Terence


Message History

Your shield prevents you from hitting something.
Something hits you!
You miss something. Something hits you.
You hit something but do no damage. Something hits you but does no damage.
You feel very mighty all of a sudden.
You hear some strange, mumbled words.
You are confused.
You bump into the rock wall.
Something hits you but does no damage.
You're too confused to move!
Something hits you. Something hits you but does no damage.
You barely miss something.
You hear some strange, mumbled words.
A puff of flame appears from out of thin air!
The puff of flame hits you!
You're too confused to move!
Something hits you!
* * * LOW HITPOINT WARNING * * *
You feel less confused.
You miss something. Something hits you!
You die...

######### #....#
........#######....#
.#####.............#
..###..............#
..†.........#......## #######
..#........>........#######......
.....#................)..........
..................####...##......
.#..............@{# #...###......
##................###...# #......
....##..................###......
.................................
#..#..........#########.#...#....
..####........# ##>## #..##......
.####.......=.##8...8 #..####....
####..........##.....##..# #....
..............#8.....8#..####....


There were no monsters in sight!

Vanquished Creatures
  Robin (D:2)
  3 gnolls
  An adder (D:2)
  An ooze (D:2)
  A worm (D:2)
  6 dart slugs
  2 leopard geckos
  A giant cockroach (D:1)
  14 goblins
  13 hobgoblins
  4 jackals (D:1)
  6 kobolds (D:1)
  A ball python (D:2)
  5 bats (D:1)
  A frilled lizard (D:1)
  6 rats
66 creatures vanquished.

Notes
Turn   | Place    | Note
-------+----------+-------------------------------------------
     0 | D:1      | Error4North the Hill Orc Fighter began the quest for the
                  | Orb.
     0 | D:1      | Reached XP level 1. HP: 19/19 MP: 1/1
    41 | D:1      | Reached XP level 2. HP: 23/27 MP: 2/2
   266 | D:1      | Reached XP level 3. HP: 28/33 MP: 3/3
   945 | D:2      | Reached XP level 4. HP: 24/40 MP: 4/4
  1332 | D:2      | Noticed Terence
  1338 | D:2      | Reached skill level 1 in Spellcasting
  1423 | D:2      | Found a sacrificial altar of Ru.
  1424 | D:2      | Found an ancient bone altar of Kikubaaqudgha.
  1425 | D:2      | Found a shadowy altar of Dithmenos.
  1425 | D:2      | Noticed Robin
  1436 | D:2      | Reached XP level 5. HP: 24/46 MP: 6/6
  1456 | D:2      | Killed Robin
  1621 | D:2      | Found a hazy altar of Hepliaklqana.
  1747 | D:2      | Noticed Sigmund
  1763 | D:2      | Mangled by Sigmund

Levels and vault maps discovered:
D:1:      lemuel_arrival_river_bridge, layout_loops_cross,
          minmay_strange_pillars, hangedman_decor_riveting
D:2:      layout_rooms, chequers_temple_overflow_statue_of_worship,
          nicolae_overflow_hidden_temple, uniq_robin, uniq_terence, uniq_sigmund

Skill      XL: |  1  2  3  4  5 |
---------------+----------------+-----
Shields        | 4 |  4.4
Axes           | 3 4 |  4.2
Fighting       | 4 |  4.1
Spellcasting   | 1 |  1.1
Armour         | |  3.7
Dodging        | |  0.1

Action                   |  1- 3 |  4- 6 || total
-------------------------+-------+-------++-------
Melee: War axe           |   114 |    63 ||   177
  Use: Scroll            |       |     4 ||     4
       Potion            |       |     4 ||     4
  Eat: Chunk             |       |     2 ||     2
       Ration            |       |     1 ||     1
Armor: Scale mail        |    80 |    37 ||   117
Dodge: Dodged            |    44 |    21 ||    65
Block: Shield            |    83 |    36 ||   119

Table legend:
 A = Non-vault XP
 B = Vault XP
 C = Vault XP percentage of total XP
 D = Non-vault monster count
 E = Vault monster count
 F = Vault count percentage of total count
                 A         B        C        D         E       F
            +---------+---------+-------+---------+---------+-------
      Total |     163 |      37 |  18.5 |      54 |      12 |  18.2
            +---------+---------+-------+---------+---------+-------
        D:1 |      83 |       0 |   0.0 |      35 |       0 |   0.0
        D:2 |      80 |      37 |  31.6 |      19 |      12 |  38.7
            +---------+---------+-------+---------+---------+-------
